 Dungeon Crawl Stone Soup version 0.22-a0-402-ga933591 (webtiles) character file.

16 epen the Insei (level 2, 18/18 HPs)
             Began as an Octopode Transmuter on Jan 10, 2018.
             Quit the game on level 1 of the Dungeon on May 6, 2018.
             The game lasted 00:01:34 (1019 turns).

epen the Insei (Octopode Transmuter)                Turns: 1019, Time: 00:01:34

Health: 18/18      AC:  1    Str:  9    XL:     2   Next: 58%
Magic:  5/5        EV: 13    Int: 15    God:
Gold:   57         SH:  0    Dex: 12    Spells: 2/5 levels left

rFire    . . .     SeeInvis .     - Unarmed
rCold    . . .     Gourm    .   (no shield)
rNeg     . . .     Faith    .   (helmet restricted)
rPois    .         Spirit   .   (no amulet)
rElec    .         Reflect  .   (no ring)
rCorr    .         Harm     .   (no ring)
MR       .....                  (no ring)
Stlth    +++.......             (no ring)
HPRegen  0.06/turn              (no ring)
MPRegen  0.09/turn              (no ring)
                                (no ring)
                                (no ring)

@: no status effects
A: almost no armour, stealthy swim, amphibious, 8 rings, constrict 8, camouflage
1, gelatinous body 1
a: no special abilities


You were on level 1 of the Dungeon.
You were not hungry.

You visited 1 branch of the dungeon, and saw 1 of its levels.

You collected 57 gold pieces.

Inventory:

Missiles
 a - 11 arrows
Scrolls
 d - a scroll of teleportation {unknown}
Potions
 b - a potion of resistance {unknown}
Comestibles
 c - 2 rations


   Skills:
 + Level 1.0 Fighting
 + Level 2.2 Dodging
 + Level 1.0 Stealth
 + Level 3.3 Unarmed Combat
 + Level 2.1 Spellcasting
 + Level 2.0 Transmutations


You had 2 spell levels left.
You knew the following spells:

 Your Spells              Type           Power        Failure   Level  Hunger
a - Beastly Appendage     Tmut           #.....       10%         1    #......
b - Sticks to Snakes      Tmut           #.......     14%         2    ###....


Dungeon Overview and Level Annotations

Branches:
Dungeon (1/15)

Altars:


Innate Abilities, Weirdness & Mutations

You cannot wear most types of armour.
You are very stealthy in the water. (Stealth+)
You are amphibious.
You can wear up to eight rings at the same time.
You can use your tentacles to constrict eight enemies at once.
Your skin changes colour to match your surroundings (Stealth+).
Your rubbery body absorbs attacks. (AC +1, EV +1)


Message History

A rat is nearby!
A rat comes into view.
The helpless rat fails to defend itself.
You tentacle-slap the rat.
You kill the rat!
You tentacle-slap the rat but do no damage.
You grab the rat. You constrict the rat. The rat barely misses you.
You tentacle-slap the rat but do no damage.
The rat is moderately wounded.
You constrict the rat. The rat closely misses you.
You tentacle-slap the rat.
You kill the rat!
No target in view!
You see here a rat corpse.
You see here a rat corpse.
A hobgoblin comes into view.
The hobgoblin shouts!
Welcome back, epen the Octopode Transmuter.
Press ? for a list of commands and other information.
Are you sure you want to abandon this character and quit the game? (Confirm with "yes".)

#....##.#.##.# #.#########
#######.#.##.# #...#
#...##.# ###.# ##..##.# #.#
#..##.# #.# #..##.# #.#
#..##.# #.# #..##.# #.#
#..##@# #.# #..##.# #.#.#
#########..##.# #.#.#
#)....†...>##.# #.#.#
###..#######.##.######.#.#
##..#..### #.##..........#
..#...#..####.##g.........#
#...#...#..##.##..........#
..#...#...#.#.# ........#


You could see a hobgoblin.

Vanquished Creatures
  An ooze (D:1)
  3 bats (D:1)
  2 giant cockroaches (D:1)
  2 hobgoblins (D:1)
  2 kobolds (D:1)
  3 rats (D:1)
13 creatures vanquished.

Notes
Turn   | Place    | Note
-------+----------+-------------------------------------------
     0 | D:1      | epen the Octopode Transmuter began the quest for the Orb.
     0 | D:1      | Reached XP level 1. HP: 13/13 MP: 3/3
     1 | D:1      | Upgraded the game from 0.22-a0-51-g1bb26a1 to 0.22-a0-402-ga933591
   643 | D:1      | Reached XP level 2. HP: 18/18 MP: 5/5
   673 | D:1      | Learned a level 2 spell: Sticks to Snakes
   680 | D:1      | Reached skill level 1 in Stealth
  1019 | D:1      | Quit the game

Vault maps used:
D:1:      dpeg_arrival_rooms_c, hex_medium

Skill      XL: |  1  2 |
---------------+-------+-----
Stealth        | 1 |  1.0
Fighting       | |  1.0
Dodging        | |  2.2
Unarmed Combat | |  3.3
Spellcasting   | |  2.1
Transmutations | |  2.0

Action                   || total
-------------------------++-------
Melee: Unarmed           ||    25
       Constrict         ||     6
       Tentacles         ||     8
 Cast: Sticks to Snakes  ||     1
 Stab: Sleeping          ||     5
Armor: Skin              ||     1
Dodge: Dodged            ||     8

Table legend:
 A = Spawn XP
 B = Non-spawn XP
 C = Spawn XP percentage of total XP
 D = Spawn monster count
 E = Non-spawn monster count
 F = Spawn count percentage of total count
 G = Total turns spent on level
                    A         B        C        D         E        F      G
               +---------+---------+-------+---------+---------+-------+---------
         Total |       0 |      24 |   0.0 |       0 |      13 |   0.0 |  1019
               +---------+---------+-------+---------+---------+-------+---------
           D:1 |       0 |      24 |   0.0 |       0 |      13 |   0.0 |  1019
               +---------+---------+-------+---------+---------+-------+---------
